 Dungeon Crawl Stone Soup version 0.28.0-47-ge53b351184 (webtiles) character file.

Game seed: 3225206249855880988

133 Kangaroobicon the Chopper (level 4, 0/38 HPs)
             Began as a Palentonga Fighter on Apr 26, 2022.
             Slain by a worm (4 damage)
             ... on level 3 of the Dungeon.
             The game lasted 00:09:07 (903 turns).

Kangaroobicon the Chopper (Palentonga Fighter)       Turns: 903, Time: 00:09:07

Health: 0/38       AC:  6    Str: 20    XL:     4   Next: 93%
Magic:  4/4        EV:  7    Int:  8    God:
Gold:   77         SH:  4    Dex: 11    Spells: 3/3 levels left

rFire   . . .      SeeInvis +   a - +0 war axe
rCold   . . .      Faith    .   c - +0 buckler
rNeg    . . .      Spirit   .   b - +0 scale mail
rPois   .          Reflect  .   (no helmet)
rElec   .          Harm     .   (no cloak)
rCorr   .          Rampage  .   (no gloves)
Will    .....                   (no barding)
Stlth   ..........              (no amulet)
HPRegen 0.12/turn               (no ring)
MPRegen 0.09/turn               (no ring)

@: no status effects
A: large, rugged brown scales 3, see invisible, deformed body, roll 1, armoured
tail
a: Rolling Charge


You were on level 3 of the Dungeon.
You visited 1 branch of the dungeon, and saw 3 of its levels.

You collected 77 gold pieces.

Inventory:

Hand Weapons
 a - a +0 war axe (weapon)
Armour
 b - a +0 scale mail (worn)
 c - a +0 buckler (worn)
Scrolls
 e - 3 scrolls of teleportation
 f - a scroll of amnesia
 g - a scroll of enchant armour
 j - a scroll of fear
Potions
 d - a potion of might
 i - a potion of haste


   Skills:
 + Level 3.6 Fighting
 + Level 3.7 Axes
 + Level 3.1 Armour
 + Level 0.2 Dodging
 + Level 0.2 Stealth
 + Level 2.7 Shields


You had 3 spell levels left.
You didn't know any spells.
Your spell library contained the following spells:

 Spells                   Type           Power      Damage    Failure   Level
 Scorch                   Fire           0%         2d5       93%         2
 Flame Wave               Conj/Fire      0%         2d4       100%        4
 Summon Cactus Giant      Summ           0%         N/A       100%        6


Dungeon Overview and Level Annotations

Branches:
Dungeon (3/15)

Altars:

Portals:
Sewer: D:3


Innate Abilities, Weirdness & Mutations

You are completely covered in rugged brown scales. (AC +3, +7% HP)
You have supernaturally acute eyesight. (SInv)
Armour fits poorly on your strangely shaped body.
You can roll at nearby foes to attack.
You have a long armoured tail.


Message History

You kill the ball python!
You closely miss the adder. You hit the adder.
You hear the slow rusting of a drain.
The adder bites you but does no damage. The adder bites you. x2
You barely miss the rat. You hit the adder. You slash the adder!
You block the adder's attack. The rat bites you. You block the adder's attack.
The adder bites you but does no damage. The rat closely misses you.
You hit the rat.
You kill the rat!
You closely miss the adder. You miss the adder.
The adder completely misses you. You block the adder's attack. x2
The giant cockroach bites you but does no damage.
The adder bites you.
* * * LOW HITPOINT WARNING * * *
You are poisoned.
The adder poisons you!
You hit the giant cockroach but do no damage.
You completely miss the adder. You slash the adder!
You kill the adder!
You feel very sick. The adder barely misses you.
The giant cockroach bites you but does no damage.
The adder barely misses you.
You closely miss the giant cockroach. You slash the adder!
You kill the adder!
You feel sick.
The giant cockroach bites you but does no damage. x2
You slash the giant cockroach!
You kill the giant cockroach!
You feel sick.
You feel sick. The worm bites you but does no damage.
There is an open door, spattered with blood here.
Things that are here:
a giant cockroach corpse; a ball python corpse You slash the worm!
The worm is almost dead.
You feel sick.
You are no longer poisoned.
The worm bites you.
You die...

### ..# .. . #####.#...
###........#######
#.+........#≈≈≈≈≈#
#.#.....#..#≈≈≈≈≈#
...........#≈≈∩≈≈# ###.
#....##.##.#≈≈≈≈w# ....
#....##.##.#####@#..###
#........#.....†.†....#
....###..#..........#.#
....# #..#..........#
....###..##........##
#......>.†.........+
##.##...###........#
#.##...# #........# #.
#...# #........#


You could see a worm.

Vanquished Creatures
  6 adders
  A howler monkey skeleton (D:3)
  A river rat (D:3)
  A worm (D:2)
  2 dart slugs
  4 endoplasms
  5 giant cockroaches
  4 goblins
  7 hobgoblins
  A jackal (D:2)
  4 kobolds
  5 ball pythons
  5 bats
  A frilled lizard (D:2)
  7 rats
54 creatures vanquished.

Notes
Turn   | Place    | Note
-------+----------+-------------------------------------------
     0 | D:1      | Kangaroobicon the Palentonga Fighter began the quest for
                  | the Orb.
     0 | D:1      | Reached XP level 1. HP: 19/19 MP: 1/1
    56 | D:1      | Reached XP level 2. HP: 19/25 MP: 2/2
   170 | D:1      | Found a faded altar of an unknown god.
   480 | D:2      | Reached XP level 3. HP: 24/31 MP: 3/3
   754 | D:2      | Reached XP level 4. HP: 37/37 MP: 4/4
   887 | D:3      | Found a glowing drain.
   903 | D:3      | Slain by a worm

Illustrated notes

Levels and vault maps discovered:
D:1:      minmay_arrival_cross, layout_rooms,
          shapermc_ecumenical_altar_notcrosses, minmay_surrounded
D:2:      layout_rooms, minmay_misc_feat_rows, minmay_box_of_dots
D:3:      layout_basic, portal_sewer_entry_c

Skill      XL: |  1  2  3  4 |
---------------+-------------+-----
Axes           | 3 |  3.7
Armour         | 3 |  3.1
Fighting       | |  3.6
Dodging        | |  0.2
Stealth        | |  0.2
Shields        | |  2.7

Action                   |  1- 3 |  4- 6 || total
-------------------------+-------+-------++-------
Melee: War axe           |    89 |    34 ||   123
       Tailslap          |     7 |     5 ||    12
  Use: Scroll            |       |     5 ||     5
Armor: Scale mail        |    53 |    19 ||    72
Dodge: Dodged            |    30 |    22 ||    52
Block: Buckler           |    18 |    16 ||    34
